 Dungeon Crawl Stone Soup version 0.30-a0-1176-gcdfb0321a8 (webtiles) character file.

Game seed: 13949312502252380389

45 Rrauwl the Stinger (level 3, -7/29 HPs)
             Began as a Draconian Venom Mage on Apr 30, 2023.
             Mangled by Terence
             ... wielding a +2 short sword of holy wrath
              (11 damage)
             ... on level 2 of the Dungeon.
             The game lasted 00:03:19 (1152 turns).

Rrauwl the Stinger (Draconian Venom Mage)           Turns: 1152, Time: 00:03:19

Health: -7/29      AC:  9    Str:  9    XL:     3   Next: 42%
Magic:  6/6        EV: 12    Int: 21    God:
Gold:   54         SH:  0    Dex: 10    Spells: 5/6 levels left

rFire   . . .        b - +1 trident
rCold   . . .        (no shield)
rNeg    . . .        (body armour unavailable)
rPois   .            (helmet restricted)
rElec   .            (no cloak)
rCorr   .            (no gloves)
SInv    .            (no boots)
Will    .....        (no amulet)
Stlth   ++           g - +4 ring of protection
HPRegen 0.24/turn    (no ring)
MPRegen 0.10/turn

%: no passive effects
@: hasted, very quick
A: AC +5, unfitting armour, cold-blooded, clever 1
a: no special abilities


You were on level 2 of the Dungeon.
You visited 1 branch of the dungeon, and saw 2 of its levels.

You collected 54 gold pieces.

Inventory:

Hand Weapons
 b - a +1 trident (weapon)
Magical Staves
 f - a staff of cold
Jewellery
 g - a +4 ring of protection (left hand)
Potions
 a - a potion of magic
 e - a potion of haste


   Skills:
 - Level 2.0 Fighting
 + Level 2.9 Dodging
 - Level 2.0 Stealth
 - Level 2.0 Spellcasting
 - Level 1.0 Transmutations
 - Level 3.0 Poison Magic


You had 5 spell levels left.
You knew the following spells:

 Your Spells              Type           Power      Damage    Failure   Level
a - Sting                 Tmut/Pois      40%        1d5       6%          1

Your spell library contained the following spells:

 Spells                   Type           Power      Damage    Failure   Level
 Poisonous Vapours        Pois/Air       16%        N/A       12%         2
 Mephitic Cloud           Conj/Pois/Air  6%         N/A       28%         3
 Olgreb's Toxic Radiance  Pois           14%        N/A       38%         4


Dungeon Overview and Level Annotations

Branches:
Dungeon (2/15)

Altars:

Annotations:
D:2 Terence


Innate Abilities, Weirdness & Mutations

Your plain brown scales are hard. (AC +5)
You cannot fit into any form of body armour.
You are cold-blooded and may be slowed by cold attacks.
Your mind is acute. (Int +4, Str/Dex -1)


Message History

The endoplasm hits you but does no damage.
You hit the endoplasm.
You kill the endoplasm!
No target in view!
You now have 54 gold pieces (gained 12).
Terence the Incautious comes into view.
He is wielding a +2 short sword of holy wrath.
Terence shouts!
You hit Terence but do no damage. Terence barely misses you.
You hit Terence.
Terence is lightly wounded.
Terence hits you but does no damage. Terence barely misses you.
You closely miss Terence.
You tail-slap Terence, but do no damage.
Terence is lightly wounded.
Terence drinks a potion.
Terence goes berserk!
You puncture Terence!
Terence is moderately wounded.
Terence hits you with a +2 short sword of holy wrath. x2
You feel yourself speed up.
Terence hits you with a +2 short sword of holy wrath.
You hit Terence but do no damage.
Terence is moderately wounded.
Terence misses you.
You completely miss Terence.
You tail-slap Terence, but do no damage.
Terence is moderately wounded.
Terence hits you but does no damage.
Terence hits you with a +2 short sword of holy wrath.
You hit Terence.
Terence is heavily wounded.
Terence barely misses you.
You hit Terence but do no damage.
Terence is heavily wounded.
Terence hits you with a +2 short sword of holy wrath!
Terence hits you with a +2 short sword of holy wrath.
* * * LOW HITPOINT WARNING * * *
Okay, then.
Terence attacks as you move away!
Terence hits you with a +2 short sword of holy wrath!
You die...

#.#............#
#.#.#####)#.#..# #.#
####.#.##.# #.# #......##.#
#.# ##.##).....#
##.#.##.##...##.#
##..........#....#
#####.............##.#
#...@@.....#......##.#
#.###.....#####.#.##..
..........##........[......#
####.####.###.#########.##.#
# ....... #...#.# .##.#.#
#...#.# .# .#.# ..#.# # #
#.# ..#


You could see Terence (berserk).

Vanquished Creatures
  2 adders (D:2)
  2 endoplasms
  A giant cockroach (D:1)
  A hobgoblin (D:1)
  4 jackals (D:1)
  A quokka (D:1)
  2 ball pythons (D:1)
  2 bats (D:1)
  3 frilled lizards
  3 goblins
  5 kobolds
  3 rats
29 creatures vanquished.

Notes
Turn   | Place    | Note
-------+----------+-------------------------------------------
     0 | D:1      | Rrauwl the Draconian Venom Mage began the quest for the
                  | Orb.
     0 | D:1      | Reached XP level 1. HP: 14/14 MP: 3/3
   377 | D:1      | Reached skill level 1 in Fighting
   377 | D:1      | Reached XP level 2. HP: 23/23 MP: 5/5
   838 | D:2      | Reached XP level 3. HP: 28/29 MP: 6/6
   845 | D:2      | Gained mutation: Your mind is acute. (Int +4, Str/Dex -1)
                  | [potion of mutation]
  1138 | D:2      | Noticed Terence
  1152 | D:2      | Mangled by Terence

Illustrated notes

Levels and vault maps discovered:
D:1:      minmay_arrival_stair_chambers, layout_loops_corners
D:2:      layout_loops_cross, roderic_lattice_a, uniq_jessica, uniq_terence

Skill      XL: |  1  2  3 |
---------------+----------+-----
Dodging        | 2 |  2.9
Stealth        | 2 |  2.0
Fighting       | 1 2 |  2.0
Spellcasting   | |  2.0
Transmutations | |  1.0
Poison Magic   | |  3.0

Action                     || total
---------------------------++-------
  Melee: Trident           ||    92
         Tailslap          ||     8
         Punch             ||     1
    Use: Scroll            ||     4
         Potion            ||     4
   Stab: Sleeping          ||     8
 Armour: Skin              ||    37
  Dodge: Dodged            ||    44

Table legend: (Time is in decaauts)
 A = Elapsed time spent in this place.
 B = Non-inter-level travel time spent in this place.
 C = Inter-level travel time spent in this place.
 D = Time resting spent in this place.
 E = Time spent auto-exploring this place.
 F = Levels seen in this place.
 G = Mean time per level.
                   A        B        C        D        E       F      G
               +--------+--------+--------+--------+--------+-----+--------+
         Total |   1175 |   1168 |      7 |    100 |    827 |   2 |  587.5 |
       Dungeon |   1175 |   1168 |      7 |    100 |    827 |   2 |  587.5 |
               +--------+--------+--------+--------+--------+-----+--------+

Top non-repeatable levels by time:
     D:1: 817 daAuts
     D:2: 357 daAuts
